 Dungeon Crawl Stone Soup version 0.31-a0-1626-g5cb510d322 (webtiles) character file.

Game seed: 3083151992973473078

592 Xavori the Trooper (level 7, -1/52 HPs)
             Began as a Djinni Chaos Knight on Jan 12, 2024.
             Was a Plaything of Xom.
             Killed from afar by Dowan (21 damage)
             ... with a shard of ice
             ... on level 4 of the Dungeon.
             The game lasted 00:04:51 (12877 turns).

Xavori the Trooper (Djinni Chaos Knight)           Turns: 12877, Time: 00:04:52

Health: -1/52      AC:  5    Str: 11    XL:     7   Next: 66%
Gold:   132        EV: 13    Int: 14    God:    Xom [..*...] SH:  0 Dex: 14

rFire   + + .        a - +0 falchion (chaos)
rCold   x . .        (no shield)
rNeg    . . .        b - +2 leather armour
rPois   ∞            (helmet restricted)
rElec   .            (no cloak)
rCorr   .            (no gloves)
SInv    .            (boots unavailable)
Will    .....        (no amulet)
Stlth   +            (no ring)
HPRegen 0.28/turn    (no ring)
MPRegen 0.00/turn

%: clarity, infuse magic (-2 HP)
@: on berserk cooldown, flying, slowed, very slow
A: sickness immunity, fire resistance 2, cold vulnerability 1, float, innate
caster, HP casting, extra vitality 1, horns 1, clarity, MP-powered wands
a: Renounce Religion


You were on level 4 of the Dungeon.
You worshipped Xom.
You were a toy of Xom.
You visited 1 branch of the dungeon, and saw 4 of its levels.

You collected 132 gold pieces.

Inventory:

Hand Weapons
 a - a +0 falchion of chaos (weapon)
Armour
 b - a +2 leather armour (worn)
 d - a +0 helmet
Talismans
 g - a storm talisman
Scrolls
 c - a scroll of butterflies
 f - 7 scrolls of teleportation
 h - a scroll of identify
 n - a scroll of immolation
 p - a scroll of blinking
Potions
 e - a potion of enlightenment
 l - a potion of invisibility
 m - a potion of brilliance {unknown}
 o - a potion of magic {unknown}
 q - a potion of curing {unknown}
 r - a potion of ambrosia


   Skills:
 + Level 4.2 Fighting
 + Level 3.8 Long Blades
 + Level 3.0 Armour
 + Level 3.9 Dodging
 * Level 3.3 Spellcasting
 * Level 3.3 Conjurations
 * Level 3.3 Hexes
   Level 0.0 Charms
 * Level 3.3 Summonings
 * Level 3.3 Necromancy
 * Level 3.3 Translocations
   Level 0.0 Transmutations
 * Level 3.3 Fire Magic
 * Level 3.3 Ice Magic
 * Level 3.3 Air Magic
 * Level 3.3 Earth Magic
 * Level 3.3 Alchemy


You knew the following spells:

 Your Spells              Type           Power      Damage    Failure   Level
a - Kiss of Death         Conj/Necr      44%        2d8       7%          1
b - Ensorcelled Hibernat  Hex/Ice        22%        N/A       11%         2
c - Passwall              Erth           11%        N/A       21%         3
Your spell library was empty.

Dungeon Overview and Level Annotations

Branches:
Dungeon (4/15)             Temple (0/1) D:4

Altars:
Ashenzari

Annotations:
D:4 Dowan


Innate Abilities, Weirdness & Mutations

You are immune to sickness and miasma.
You are immune to poison.
Your flesh is very heat resistant. (rF++)
You are vulnerable to cold. (rC-)
You float through the air rather than walking.
You learn spells naturally, not from books.
Your magical power is your life essence.
You have superior vitality. (+4 MHP)
You have a pair of small horns on your head.
You possess an exceptional clarity of mind.
You expend health (3 HP) to strengthen your wands.


Message History

You hit Duvessa. Your headbutt misses Duvessa.
Duvessa is almost dead.
Duvessa barely misses you.
You hit Duvessa.
Duvessa looks weaker.
Duvessa is almost dead.
Duvessa hits you with a +0 short sword.
You closely miss Duvessa.
Duvessa is almost dead.
Duvessa closely misses you.
You closely miss Duvessa.
Duvessa is almost dead.
Duvessa hits you but does no damage.
You hit Duvessa but do no damage. Your headbutt misses Duvessa.
Duvessa is almost dead.
Duvessa hits you with a +0 short sword. Duvessa hits you but does no damage.
Dowan gestures wildly while chanting.
Dowan blinks!
You slash Duvessa!
You kill Duvessa!
Dowan seems overcome with grief.
Dowan seems to find hidden reserves of power!
You feel your strength returning.
Your Armour skill increases to level 3!
Things that are here:
a +0 short sword; a +0 scale mail; a jackal corpse You feel a strong urge to attack something.
You barely miss Dowan. You headbutt Dowan!
Dowan is moderately wounded.
You are no longer berserk.
You are exhausted.
You feel yourself slow down. Dowan misses you.
You hit Dowan. You headbutt Dowan, but do no damage.
Dowan is heavily wounded.
Dowan shakes with grief.
Dowan hits you with a +0 dagger. Dowan closely misses you.
Dowan gestures at you while chanting. The shard of ice hits you!!
You feel a painful chill!
Xom roars with laughter!
You die...
Xom chortles!

#.#...... ∆
#>....... ∆ #.......
.###########P.PP.###
.......... ..P>PP...
.........# #.P..P#
.....?...###P....#..
.........).........#
#......e@########..#
#........# ∆
#........#
..........
#.#........ #
+........ #.........
######.... ∆


You could see Dowan (fast).

Vanquished Creatures
  Grinder (D:3)
  Sigmund (D:2)
  Duvessa (D:4)
  Natasha (twice) (D:2)
  2 adders (D:3)
  A dart slug (D:1)
  A ribbon worm (D:2)
  3 orcs (D:3)
  6 bats
  5 endoplasms
  4 giant cockroaches
  A goblin (D:3)
  8 hobgoblins
  5 jackals
  2 kobolds (D:1)
  3 quokkas
  7 ball pythons
  5 frilled lizards
  6 rats
64 creatures vanquished.

Vanquished Creatures (collateral kills)
  A hobgoblin (D:2)
1 creature vanquished.

Vanquished Creatures (others)
  A ribbon worm (D:2)
1 creature vanquished.

Grand Total: 66 creatures vanquished

Notes
Turn   | Place    | Note
-------+----------+-------------------------------------------
     0 | D:1      | Xavori the Djinni Chaos Knight began the quest for the Orb.
     0 | D:1      | Reached XP level 1. HP: 20/20 MP: 0/0
   108 | D:1      | Reached XP level 2. HP: 25/25 MP: 0/0
   119 | D:1      | XOM: silly message
   163 | D:1      | Found a faded altar of an unknown god.
   269 | D:1      | XOM: silly message
   411 | D:1      | Reached XP level 3. HP: 30/30 MP: 0/0
   411 | D:1      | Learned a level 1 spell: Kiss of Death
   497 | D:1      | XOM: chaos upgrade
   501 | D:1      | Reached skill level 1 in Spellcasting
   501 | D:1      | Reached skill level 1 in Conjurations
   501 | D:1      | Reached skill level 1 in Hexes
   501 | D:1      | Reached skill level 1 in Summonings
   501 | D:1      | Reached skill level 1 in Necromancy
   501 | D:1      | Reached skill level 1 in Translocations
   501 | D:1      | Reached skill level 1 in Fire Magic
   501 | D:1      | Reached skill level 1 in Ice Magic
   501 | D:1      | Reached skill level 1 in Air Magic
   501 | D:1      | Reached skill level 1 in Earth Magic
   501 | D:1      | Reached skill level 1 in Alchemy
   758 | D:1      | XOM: summons 2 hostile demons
   987 | D:2      | Noticed Sigmund
   998 | D:2      | XOM: butterfly on damage
  1002 | D:2      | Killed Sigmund
  1003 | D:2      | Reached XP level 4. HP: 11/37 MP: 0/0
  1003 | D:2      | Reached XP level 5. HP: 12/41 MP: 0/0
  1003 | D:2      | Learned a level 2 spell: Ensorcelled Hibernation
  1003 | D:2      | Reached XP level 6. HP: 14/47 MP: 0/0
  1070 | D:1      | XOM: give mutations
  1070 | D:1      | Gained mutation: Armour fits poorly on your strangely
                  | shaped body. [Xom's mischief]
  1070 | D:1      | Lost mutation: Armour fits poorly on your strangely shaped
                  | body. [Xom's mischief]
  1070 | D:1      | Gained mutation: You possess an exceptional clarity of
                  | mind. [Xom's mischief]
  1263 | D:1      | XOM: silly message
  1504 | D:1      | XOM: noise
  1531 | D:1      | XOM: god gift: brown potion {god gift}
  2982 | D:1      | XOM: divination: detect items
  3313 | D:1      | XOM: silly message
  3510 | D:1      | XOM: silly message
  3950 | D:1      | XOM is BORED!
  3950 | D:1      | XOM: noise
  4152 | D:1      | XOM: silly message
  4343 | D:1      | XOM: god gift: scroll labelled BUCHOM LEKIZ {god gift}
  5597 | D:1      | XOM is BORED!
  5597 | D:1      | XOM: give mutations
  5597 | D:1      | Gained mutation: You are agile. (Dex +4, Str/Int -1) [Xom's
                  | mischief]
  5597 | D:1      | Gained mutation: You have a pair of small horns on your
                  | head. [Xom's mischief]
  5597 | D:1      | Lost mutation: You are agile. (Dex +4, Str/Int -1) [Xom's
                  | mischief]
  5597 | D:1      | Gained mutation: Your body sometimes deteriorates upon
                  | taking damage. [Xom's mischief]
  6213 | D:1      | XOM: god gift: 15 gold pieces
  7828 | D:1      | XOM: give mutation
  7828 | D:1      | Lost mutation: Your body sometimes deteriorates upon taking
                  | damage. [Xom's mischief]
  7977 | D:1      | XOM: noise
  8547 | D:1      | XOM: give mutation
  8547 | D:1      | Gained mutation: You expend health (3 HP) to strengthen
                  | your wands. [Xom's mischief]
  8877 | D:1      | XOM: divination: detect creatures
  9951 | D:1      | XOM is BORED!
  9967 | D:1      | XOM: god gift: glowing flail {god gift}
 10854 | D:1      | XOM: divination: detect creatures
 10980 | D:1      | Glimpsed the power of Zot.
 11021 | D:2      | Noticed Natasha
 11028 | D:2      | Killed Natasha
 11252 | D:2      | XOM: 1-stop teleportation journey
 11291 | D:2      | XOM: noise
 11445 | D:2      | Noticed Natasha
 11452 | D:2      | Killed Natasha
 12003 | D:3      | XOM: 1-stop teleportation journey
 12280 | D:3      | XOM: god gift: chain mail {god gift}
 12300 | D:3      | Found a broken altar of Ashenzari.
 12341 | D:3      | XOM: silly message
 12505 | D:3      | Noticed Grinder
 12514 | D:3      | HP: 2/47 [Grinder (2)]
 12519 | D:3      | Paralysed by Grinder for 4 turns
 12522 | D:3      | XOM: confuse monster(s)
 12538 | D:3      | Killed Grinder
 12539 | D:3      | Reached skill level 4 in Fighting
 12539 | D:3      | Reached XP level 7. HP: 14/52 MP: 0/0
 12539 | D:3      | Learned a level 3 spell: Passwall
 12848 | D:4      | Noticed Duvessa
 12848 | D:4      | Noticed Dowan
 12848 | D:4      | XOM: 2-stop teleportation journey
 12851 | D:4      | Found a staircase to the Ecumenical Temple.
 12859 | D:4      | XOM: divination: detect items
 12873 | D:4      | Killed Duvessa
 12877 | D:4      | Killed from afar by Dowan

Illustrated notes

Levels and vault maps discovered:
D:1:      sevenhm_arrival_forest_fort_small_3, layout_loops_ring,
          nicolae_ecumenical_lake_church, roderic_roman_lattice
D:2:      layout_loops_ring, basic_altar, uniq_natasha, uniq_sigmund
D:3:      layout_loops_corners, nicolae_ashenzari_panopticon, uniq_grinder
D:4:      gammafunk_steamed_eel, layout_basic, minmay_temple_entry_overgrown,
          uniq_duvessa, uniq_edmund

Skill      XL: |  1  2  3  4  5  6  7 |
---------------+----------------------+-----
Spellcasting   | 2 3 |  3.3
Conjurations   | 2 3 |  3.3
Hexes          | 2 3 |  3.3
Summonings     | 2 3 |  3.3
Necromancy     | 2 3 |  3.3
Translocations | 2 3 |  3.3
Fire Magic     | 2 3 |  3.3
Ice Magic      | 2 3 |  3.3
Air Magic      | 2 3 |  3.3
Earth Magic    | 2 3 |  3.3
Alchemy        | 2 3 |  3.3
Long Blades    | 3 |  3.8
Armour         | 2 3 |  3.0
Dodging        | 3 |  3.9
Fighting       | 4 |  4.2

Action                     |  1- 3 |  4- 6 |  7- 9 || total
---------------------------+-------+-------+-------++-------
  Melee: Falchion          |   131 |   104 |    20 ||   255
         Punch             |     3 |     1 |       ||     4
         Headbutt          |       |    17 |     4 ||    21
    Use: Scroll            |       |     7 |       ||     7
         Potion            |       |     5 |     1 ||     6
   Stab: Paralysed         |     1 |       |       ||     1
         Sleeping          |       |     1 |       ||     1
 Armour: Leather armour    |    86 |    50 |    13 ||   149
         Skin              |       |    12 |       ||    12
  Dodge: Dodged            |    98 |    71 |    12 ||   181

Table legend: (Time is in decaauts)
 A = Elapsed time spent in this place.
 B = Non-inter-level travel time spent in this place.
 C = Inter-level travel time spent in this place.
 D = Time resting spent in this place.
 E = Time spent auto-exploring this place.
 F = Levels seen in this place.
 G = Mean time per level.
                   A        B        C        D        E       F      G
               +--------+--------+--------+--------+--------+-----+--------+
         Total |  12908 |  12800 |    108 |  10277 |   1835 |   4 | 3227.0 |
       Dungeon |  12908 |  12800 |    108 |  10277 |   1835 |   4 | 3227.0 |
               +--------+--------+--------+--------+--------+-----+--------+

Top non-repeatable levels by time:
     D:1: 10979 daAuts
     D:3: 1232 daAuts
     D:2: 670 daAuts
     D:4: 27 daAuts
